Map: Abyssal Reef LE

Players

RiSky - Winner!

  • Race: Zerg Zerg
  • Spawn Location: 11:00

Stilgar

  • Race: Zerg Zerg
  • Spawn Location: 5:00

Event: WCS Valencia 2017

VOD

Have the link to the VOD?

Description

Time

  • Played on: July 13, 2017, 7:29 a.m.
  • Length: 3:53

All games in this series

Show
View Real Time Build Order
Export as new Build Order

RiSky Zerg - Winner!

Build Orders: Hatch First 

Get SALT Encoding   

  12  0:00  Drone  
  13  0:12  Overlord  
  13  0:17  Drone  
  14  0:30  Drone x2  
  14  0:34  Drone  
  17  0:53  Hatchery  
  17  0:57  Drone  
  17  1:00  Drone  
  18  1:11  Extractor  
  17  1:17  Spawning Pool  
  16  1:19  Drone  
  16  1:23  Drone  
  18  1:28  Drone  
  19  2:03  Zergling x6  
  19  2:05  Queen x2, Zergling x2  
  19  2:08  Spine Crawler  
  26  2:15  Baneling Nest  
  25  2:18  Zergling x2  
  27  2:30  Spine Crawler  
  27  2:31  Zergling x2  
  27  2:32  Overlord  
  27  2:45  Zergling x2  
  28  2:53  Zergling x2  
  28  2:54  Zergling x6  
  28  2:57  Queen  
  33  3:00  Baneling  
  33  3:05  Baneling  
  33  3:09  Baneling x4  
  33  3:18  Overlord  
  37  3:43  Spine Crawler  
Show
View Real Time Build Order
Export as new Build Order

Stilgar Zerg 

Build Orders: Pool First 

Get SALT Encoding   

  12  0:01  Drone  
  13  0:09  Drone  
  14  0:15  Extractor  
  14  0:16  Drone  
  14  0:33  Spawning Pool  
  13  0:36  Drone  
  14  0:45  Overlord  
  14  0:51  Extractor  
  14  0:54  Drone  
  15  1:07  Drone  
  16  1:20  Zergling x6, Metabolic Boost  
  19  1:31  Queen  
  21  1:45  Drone  
  22  1:47  Overlord  
  22  1:52  Baneling Nest  
  21  1:56  Zergling x2  
  22  2:11  Zergling x2  
  23  2:17  Zergling x2  
  23  2:30  Zergling x2  
  24  2:39  Zergling x2  
  25  2:49  Zergling x6  
  25  2:59  Zergling x2  
  26  3:10  Zergling x2  
  27  3:16  Hatchery, Baneling x3  
  27  3:18  Baneling x2, Zergling x2  
  27  3:28  Zergling x2  
Tags
 
Add a new tag
Caveats
  • Supply blocks, unpowered buildings, or Contaminate may cause inaccurate times.
  • Supply counts are checked every 10 seconds.